 Seeded DCSS version 0.29-a0-1043-g569b05d6ff (webtiles) character file.

Game seed: 20220816 (custom seed)

65 purpskrrrp the Stinger (level 4, -6/30 HPs)
             Began as a Formicid Venom Mage on Aug 16, 2022.
             Mangled by Terence
             ... wielding a +0 flail
              (9 damage)
             ... on level 2 of the Dungeon.
             The game lasted 00:09:05 (1787 turns).

purpskrrrp the Stinger (Formicid Venom Mage)        Turns: 1787, Time: 00:09:05

Health: -6/30      AC:  2    Str: 12    XL:     4   Next: 35%
Magic:  1/8        EV: 12    Int: 17    God:
Gold:   89         SH:  0    Dex: 14    Spells: 5/8 levels left

rFire   . . .      SeeInvis +   e - staff of poison
rCold   . . .      Faith    .   (no shield)
rNeg    . . .      Spirit   .   a - +0 robe
rPois   +          Reflect  .   (helmet unavailable)
rElec   .          Harm     .   (no cloak)
rCorr   .          Rampage  .   (no gloves)
Will    .....                   (no boots)
Stlth   ++........              (no amulet)
HPRegen 0.10/turn               (no ring)
MPRegen 0.11/turn               (no ring)

@: very slightly contaminated
A: permanent stasis, dig shafts and tunnels, antennae 3, four strong arms
a: Dig, Shaft Self


You were on level 2 of the Dungeon.
You visited 1 branch of the dungeon, and saw 2 of its levels.

You collected 89 gold pieces.

Inventory:

Hand Weapons
 c - a +0 spear
Armour
 a - a +0 robe (worn)
Magical Staves
 e - a staff of poison (weapon)
Scrolls
 d - 2 scrolls of teleportation
 h - a scroll of enchant weapon {unknown}
Potions
 f - a potion of attraction {unknown}
 g - 2 potions of might {unknown}


   Skills:
 + Level 0.5 Staves
 * Level 2.4 Dodging
 + Level 3.1 Stealth
 + Level 2.6 Spellcasting
 - Level 1.3 Transmutations
 * Level 4.7 Poison Magic
 + Level 0.5 Evocations


You had 5 spell levels left.
You knew the following spells:

 Your Spells              Type           Power      Damage    Failure   Level
a - Sting                 Tmut/Pois      76%        1d6       5%          1
b - Poisonous Vapours     Pois/Air       30%        N/A       11%         2

Your spell library contained the following spells:

 Spells                   Type           Power      Damage    Failure   Level
 Apportation              Tloc           4%         N/A       19%         1
 Necrotise                Necr           8%         1d4       19%         1
 Summon Small Mammal      Summ           8%         N/A       19%         1
 Olgreb's Toxic Radiance  Pois           27%        N/A       26%         4
 Mephitic Cloud           Conj/Pois/Air  11%        N/A       28%         3
 Ozocubu's Armour         Ice            2%         N/A       47%         3
 Ozocubu's Refrigeration  Ice            1%         4d7       100%        7


Dungeon Overview and Level Annotations

Branches:
Dungeon (2/15)

Altars:

Annotations:
D:2 1 runed translucent door, Crazy Yiuf, Terence


Innate Abilities, Weirdness & Mutations

You cannot be hasted, slowed, berserked, paralysed or teleported.
You can dig through walls and to a lower floor.
You have a pair of large antennae on your head. (SInv)
Your four strong arms can wield two-handed weapons with a shield.


Message History

Terence hits you with a +0 flail!
You hit Terence.
Terence is lightly wounded.
Terence says, "You're history."
Terence hits you with a +0 flail!
You are too injured to fight recklessly!
You are too injured to fight recklessly!
You feel much better. Terence barely misses you.
Casting: Sting (safe; 5% risk of failure)
Confirm with . or Enter, or press ? or * to list all spells.
Aiming: Sting (safe; 5% risk of failure)
Press: ? - help, Shift-Dir - straight line, f/p - Terence
Aim: Terence, wielding a +0 flail and wearing a +0 scale mail (lightly wounded, unusually resistant, 77% to hit)
You feel a surge of power!
The sting hits Terence.
Terence is poisoned.
Terence is lightly wounded.
Terence hits you with a +0 flail.
Casting: Sting (safe; 5% risk of failure)
Confirm with . or Enter, or press ? or * to list all spells.
Aiming: Sting (safe; 5% risk of failure)
Press: ? - help, Shift-Dir - straight line, f/p - Terence
Aim: Terence, wielding a +0 flail and wearing a +0 scale mail (lightly wounded, unusually resistant, poisoned, 77% to hit)
You feel a surge of power!
You miscast Sting.
You are very lightly contaminated with residual magic.
Nothing appears to happen.
Terence closely misses you.
You hit Terence.
Terence is lightly wounded.
Terence barely misses you. Terence hits you with a +0 flail!
You are too injured to fight recklessly!
You are too injured to fight recklessly!
Hit: e) staff of poison
Press: ? - help, Dir - move target, f/p - Terence
Aim: Terence, wielding a +0 flail and wearing a +0 scale mail (moderately wounded, unusually resistant, poisoned, about 35% to evade your staff of poison)
You barely miss Terence.
Terence is moderately wounded.
Terence looks more healthy.
Terence hits you with a +0 flail!
* * * LOW HITPOINT WARNING * * *
As you read the scroll labelled EFECAA HEUNY, it crumbles to dust.
You feel a strange sense of stasis.
It was a scroll of teleportation.
Terence hits you with a +0 flail!
You die...

..><............#
##########.....†.......[#
.............#..........#
#............#..........#
#.......(..#.#..........#
#.......................#
#............##.........#
#?.....@......#.........#
#.....?†@..#..#.........#
#.........(#..#.........#
#..........##...........#
#..........##..†........#
#############...........#
##..######### #.># ##.#
########'####


You could see Terence (resistant).

Vanquished Creatures
  Jessica (D:2)
  A worm (D:2)
  2 dart slugs (D:1)
  3 ball pythons
  2 bats (D:2)
  3 endoplasms
  3 goblins
  2 hobgoblins
  7 jackals (D:1)
  A quokka (D:1)
  2 frilled lizards
  A kobold (D:2)
  A rat (D:1)
29 creatures vanquished.

Notes
Turn   | Place    | Note
-------+----------+-------------------------------------------
     0 | D:1      | purpskrrrp the Formicid Venom Mage began the quest for the
                  | Orb.
     0 | D:1      | Reached XP level 1. HP: 13/13 MP: 3/3
   138 | D:1      | Reached XP level 2. HP: 8/19 MP: 0/5
   457 | D:1      | Learned a level 2 spell: Poisonous Vapours
  1055 | D:1      | Reached XP level 3. HP: 19/24 MP: 6/6
  1572 | D:2      | Noticed Jessica
  1576 | D:2      | Killed Jessica
  1577 | D:2      | Reached XP level 4. HP: 30/30 MP: 0/7
  1729 | D:2      | Found a runed translucent door.
  1730 | D:2      | Noticed Crazy Yiuf
  1768 | D:2      | Noticed Terence
  1787 | D:2      | Mangled by Terence

Illustrated notes

Levels and vault maps discovered:
D:1:      dpeg_arrival_renting, layout_rooms
D:2:      layout_basic, chequers_decorated_corner, uniq_jessica,
          uniq_crazy_yiuf_cottage, uniq_terence, uniq_sigmund

Skill      XL: |  1  2  3 |
---------------+----------+-----
Dodging        | 2 |  2.4
Stealth        | 3 |  3.1
Staves         | |  0.5
Spellcasting   | |  2.6
Transmutations | |  1.3
Poison Magic   | |  4.7
Evocations     | |  0.5

Action                   |  1- 3 |  4- 6 || total
-------------------------+-------+-------++-------
Melee: Unarmed           |    28 |       ||    28
       Staff             |    36 |    12 ||    48
       Spear             |     3 |       ||     3
 Cast: Sting             |    19 |     3 ||    22
       Poisonous Vapours |    11 |     4 ||    15
  Use: Potion            |     2 |     2 ||     4
       Scroll            |     1 |     1 ||     2
Armor: Robe              |    14 |     2 ||    16
Dodge: Dodged            |    52 |    11 ||    63

Table legend: (Time is in decaauts)
 A = Elapsed time spent in this place.
 B = Non-inter-level travel time spent in this place.
 C = Inter-level travel time spent in this place.
 D = Time resting spent in this place.
 E = Time spent auto-exploring this place.
 F = Levels seen in this place.
 G = Mean time per level.
                   A        B        C        D        E       F      G
               +--------+--------+--------+--------+--------+-----+--------+
         Total |   1795 |   1760 |     35 |    538 |    920 |   2 |  897.5 |
       Dungeon |   1795 |   1760 |     35 |    538 |    920 |   2 |  897.5 |
               +--------+--------+--------+--------+--------+-----+--------+

Top non-repeatable levels by time:
     D:1: 1382 daAuts
     D:2: 412 daAuts
